General information
- name: BNet
- type: Ladder team game (AT/RT)
- host: Battle.net
- saver: OoOoOoOoOoOoOo
map: TwilightRuins
- players: 8
- length: 60:04
- speed: Fast
- version: 1.26 W3XP
- replay type: Public
» download(330 KB)
Players
team 1 (winner)
Catre (
green | 92 APM | 1565 actions | 17:02)
3 Death Knight
2 Death Coil
1 Unholy Aura
3 Lich
2 Frost Nova
1 Frost Armor
» actions
| Assign group hotkey | 5 | |
| Basic commands | 83 | |
| Build / train | 64 | |
| ESC pressed | 8 | |
| Enter build submenu | 14 | |
| Enter hero's abilities submenu | 7 | |
| Give item / drop item | 1 | |
| Right click | 766 | |
| Select / deselect | 387 | |
| Select group hotkey | 156 | |
| Use ability | 73 | |
1565 total
» units
| Acolyte | 15 | |
| Ghoul | 7 | |
| Crypt Fiend | 11 | |
| Obsidian Statue | 1 | |
34 total
» upgrades
| Creature Attack | 3 | |
| Burrow | 1 | |
| Web | 1 | |
| Creature Carapace | 1 | |
6 total
» buildings
| Graveyard | 1 | |
| Crypt | 1 | |
| Ziggurat | 4 | |
| Altar of Darkness | 1 | |
| Tomb of Relics | 1 | |
| Halls of the Dead | 1 | |
| Black Citadel | 5 | |
| Nerubian Tower | 1 | |
| Slaughterhouse | 1 | |
16 total
» build order
00:08 Graveyard
00:11 Crypt
00:38 Ziggurat
00:57 Altar of Darkness
01:22 Tomb of Relics
02:11 Ziggurat
02:53 Halls of the Dead
03:59 Ziggurat
06:25 Ziggurat
07:12 Black Citadel
07:12 Black Citadel
07:12 Black Citadel
09:13 Nerubian Tower
13:00 Slaughterhouse
» items
| Rod of Necromancy | 1 | |
| Potion of Healing | 1 | |
| Scroll of Town Portal | 1 | |
| Dust of Appearance | 1 | |
| Orb of Corruption | 1 | |
5 total
OoOoOoOoOoOoOo (
blue | 85 APM | 5106 actions | 60:04)
9 Archmage
3 Summon Water Elemental
3 Brilliance Aura
2 Blizzard
1 Mass Teleport
7 Blood Mage
3 Flame Strike
3 Banish
1 Summon Phoenix
» actions
| Assign group hotkey | 57 | |
| Basic commands | 69 | |
| Build / train | 286 | |
| ESC pressed | 29 | |
| Enter build submenu | 69 | |
| Enter hero's abilities submenu | 16 | |
| Give item / drop item | 37 | |
| Remove unit from queue | 2 | |
| Right click | 2204 | |
| Select / deselect | 872 | |
| Select group hotkey | 919 | |
| Use ability | 546 | |
5106 total
» units
| Peasant | 26 | |
| Footman | 4 | |
| Goblin Shredder | 2 | |
| Sorceress | 2 | |
| Gryphon Rider | 3 | |
| Spell Breaker | 1 | |
| Knight | 1 | |
| Siege Engine | 1 | |
| Mur'gul Snarecaster | 1 | |
41 total
» upgrades
| Masonry | 3 | |
| Sorceress Training | 2 | |
| Magic Sentry | 1 | |
| Lumber Harvesting | 2 | |
| Storm Hammers | 1 | |
| Cloud | 1 | |
| Armor | 3 | |
| Swords | 3 | |
| Animal War Training | 1 | |
| Defend | 1 | |
| Long Rifles | 1 | |
| Priest Training | 2 | |
| Control Magic | 1 | |
| Fragmentation Shards | 1 | |
| Flak Cannons | 1 | |
| Flying Machine Bombs | 1 | |
| Barrage | 1 | |
| Flare | 1 | |
| Plating | 3 | |
| Gunpowder | 5 | |
| Backpack | 1 | |
36 total
» buildings
| Altar of Kings | 1 | |
| Barracks | 1 | |
| Farm | 5 | |
| Arcane Vault | 1 | |
| Lumber Mill | 1 | |
| Scout Tower | 49 | |
| Town Hall | 5 | |
| Guard Tower | 57 | |
| Arcane Tower | 30 | |
| Keep | 2 | |
| Arcane Sanctum | 1 | |
| Castle | 3 | |
| Gryphon Aviary | 6 | |
| Blacksmith | 2 | |
| Workshop | 1 | |
165 total
» build order
00:52 Altar of Kings
00:54 Barracks
00:56 Farm
01:07 Farm
01:34 Farm
01:52 Arcane Vault
02:20 Farm
02:52 Lumber Mill
03:13 Farm
03:56 Scout Tower
03:58 Scout Tower
03:59 Scout Tower
04:00 Scout Tower
04:20 Town Hall
04:22 Guard Tower
04:23 Guard Tower
04:24 Guard Tower
04:24 Guard Tower
04:35 Guard Tower
04:52 Guard Tower
04:53 Guard Tower
05:37 Scout Tower
06:34 Scout Tower
06:36 Arcane Tower
07:47 Arcane Tower
07:47 Arcane Tower
07:51 Scout Tower
07:53 Scout Tower
08:28 Guard Tower
09:14 Keep
09:44 Scout Tower
09:45 Scout Tower
09:46 Scout Tower
09:47 Scout Tower
10:24 Guard Tower
10:24 Guard Tower
10:25 Guard Tower
10:25 Guard Tower
10:26 Guard Tower
11:55 Arcane Sanctum
12:15 Castle
12:15 Castle
12:15 Castle
12:51 Gryphon Aviary
12:53 Gryphon Aviary
13:09 Town Hall
13:11 Scout Tower
13:11 Scout Tower
13:12 Scout Tower
13:13 Scout Tower
13:15 Scout Tower
13:16 Scout Tower
13:17 Scout Tower
13:18 Scout Tower
13:20 Scout Tower
13:57 Guard Tower
14:48 Guard Tower
14:48 Guard Tower
14:49 Guard Tower
14:49 Guard Tower
14:49 Guard Tower
14:50 Guard Tower
14:50 Arcane Tower
14:50 Arcane Tower
15:41 Scout Tower
15:42 Scout Tower
15:43 Scout Tower
15:44 Scout Tower
15:47 Scout Tower
15:47 Scout Tower
15:48 Scout Tower
15:50 Scout Tower
15:52 Scout Tower
16:12 Guard Tower
16:12 Guard Tower
16:13 Guard Tower
16:14 Guard Tower
16:14 Guard Tower
16:14 Guard Tower
16:15 Guard Tower
16:15 Guard Tower
19:19 Guard Tower
19:51 Blacksmith
19:53 Blacksmith
22:44 Gryphon Aviary
22:45 Gryphon Aviary
22:47 Gryphon Aviary
22:53 Gryphon Aviary
23:04 Scout Tower
23:04 Scout Tower
23:06 Scout Tower
23:07 Scout Tower
23:09 Scout Tower
23:37 Guard Tower
23:37 Guard Tower
23:39 Guard Tower
23:39 Guard Tower
23:39 Guard Tower
23:40 Guard Tower
23:40 Guard Tower
23:41 Guard Tower
23:42 Guard Tower
23:42 Guard Tower
24:45 Town Hall
26:50 Workshop
28:03 Scout Tower
28:05 Scout Tower
28:05 Scout Tower
28:07 Scout Tower
28:41 Guard Tower
28:42 Guard Tower
28:45 Arcane Tower
38:04 Town Hall
39:11 Scout Tower
39:11 Scout Tower
39:12 Scout Tower
39:13 Scout Tower
40:32 Arcane Tower
40:32 Arcane Tower
40:32 Arcane Tower
49:56 Town Hall
49:58 Scout Tower
49:59 Scout Tower
50:01 Scout Tower
50:02 Scout Tower
50:05 Scout Tower
50:07 Scout Tower
50:27 Arcane Tower
50:27 Arcane Tower
50:27 Arcane Tower
50:28 Arcane Tower
50:28 Arcane Tower
50:28 Arcane Tower
50:29 Arcane Tower
50:29 Arcane Tower
50:31 Arcane Tower
50:31 Arcane Tower
50:36 Arcane Tower
50:36 Arcane Tower
50:36 Arcane Tower
» items
| Scroll of Regeneration | 14 | |
| Mechanical Critter | 4 | |
| Staff of Teleportation | 2 | |
| Periapt of Vitality | 6 | |
| Boots of Speed | 1 | |
| Orb of Corruption | 1 | |
| Rod of Necromancy | 1 | |
| Dust of Appearance | 1 | |
| Lesser Clarity Potion | 6 | |
| Tome of Retraining | 1 | |
| Scroll of Town Portal | 7 | |
| Potion of Healing | 3 | |
| Potion of Mana | 3 | |
| Pendant of Energy | 2 | |
| Potion of Invisibility | 1 | |
| Scroll of Protection | 1 | |
| Scroll of Healing | 1 | |
| Potion of Greater Mana | 1 | |
| Mana Stone | 1 | |
57 total
MazzyStar (
red | 46 APM | 2736 actions | 60:04)
10 Blademaster
3 Wind Walk
3 Critical Strike
1 Bladestorm
3 Mirror Image
» actions
| Assign group hotkey | 92 | |
| Basic commands | 55 | |
| Build / train | 93 | |
| Enter build submenu | 56 | |
| Enter hero's abilities submenu | 10 | |
| Give item / drop item | 14 | |
| Right click | 1498 | |
| Select / deselect | 375 | |
| Select group hotkey | 271 | |
| Use ability | 272 | |
2736 total
» units
| Peon | 8 | |
| Grunt | 8 | |
| Goblin Shredder | 1 | |
| Goblin Sapper | 4 | |
| Wind Rider | 4 | |
| Troll Witch Doctor | 5 | |
| Goblin Zeppelin | 2 | |
32 total
» upgrades
| Reinforced Defenses | 1 | |
| Ranged Weapons | 3 | |
| Armor | 3 | |
| Liquid Fire | 1 | |
| Envenomed Spears | 1 | |
| Ensnare | 1 | |
| Pillage | 1 | |
| Troll Regeneration | 1 | |
| Witch Doctor Training | 2 | |
14 total
» buildings
| Orc Burrow | 6 | |
| Altar of Storms | 1 | |
| Barracks | 1 | |
| Voodoo Lounge | 3 | |
| Stronghold | 3 | |
| War Mill | 2 | |
| Great Hall | 2 | |
| Fortress | 1 | |
| Beastiary | 4 | |
| Watch Tower | 35 | |
| Spirit Tower | 1 | |
| Ziggurat | 4 | |
| Spirit Lodge | 1 | |
64 total
» build order
00:15 Orc Burrow
00:50 Altar of Storms
00:51 Barracks
01:08 Orc Burrow
01:46 Voodoo Lounge
02:49 Stronghold
02:49 Stronghold
03:53 War Mill
04:05 Orc Burrow
05:15 Great Hall
05:23 Fortress
06:48 Beastiary
06:49 Beastiary
06:53 Beastiary
07:04 Beastiary
09:02 Watch Tower
09:05 Watch Tower
09:06 Watch Tower
09:34 War Mill
09:43 Orc Burrow
09:50 Watch Tower
09:50 Watch Tower
09:51 Watch Tower
09:51 Watch Tower
10:14 Watch Tower
10:15 Watch Tower
10:16 Watch Tower
10:17 Watch Tower
10:19 Watch Tower
10:19 Watch Tower
10:22 Watch Tower
10:23 Watch Tower
17:21 Spirit Tower
18:54 Ziggurat
18:56 Ziggurat
18:57 Ziggurat
18:58 Ziggurat
20:52 Watch Tower
20:53 Watch Tower
20:57 Watch Tower
20:57 Watch Tower
20:59 Watch Tower
20:59 Watch Tower
21:29 Watch Tower
21:31 Watch Tower
21:38 Watch Tower
21:41 Watch Tower
21:46 Watch Tower
22:03 Watch Tower
22:05 Watch Tower
22:07 Watch Tower
22:09 Watch Tower
22:11 Watch Tower
32:19 Voodoo Lounge
33:04 Orc Burrow
33:09 Orc Burrow
38:12 Great Hall
38:16 Voodoo Lounge
38:18 Spirit Lodge
38:22 Watch Tower
38:23 Watch Tower
38:26 Watch Tower
38:26 Watch Tower
» items
| Healing Salve | 9 | |
| Scroll of Town Portal | 5 | |
| Periapt of Vitality | 3 | |
| Potion of Lesser Invulnerability | 1 | |
| Orb of Corruption | 1 | |
| Potion of Healing | 4 | |
| Potion of Mana | 3 | |
| Lesser Clarity Potion | 3 | |
| Scroll of Healing | 1 | |
| Ankh of Reincarnation | 1 | |
31 total

»
acegilbert (
purple | 36 APM | 2167 actions | 60:04)
3 Dreadlord
2 Sleep
1 Vampiric Aura
3 Death Knight
1 Unholy Aura
1 Death Pact
1 Animate Dead
» actions
| Assign group hotkey | 32 | |
| Build / train | 71 | |
| ESC pressed | 1 | |
| Enter build submenu | 41 | |
| Enter hero's abilities submenu | 6 | |
| Remove unit from queue | 8 | |
| Right click | 847 | |
| Select / deselect | 397 | |
| Select group hotkey | 675 | |
| Use ability | 89 | |
2167 total
» units
| Acolyte | 13 | |
| Ghoul | 7 | |
| Gargoyle | 4 | |
| Crypt Fiend | 7 | |
| Abomination | 2 | |
33 total
» upgrades
| Cannibalize | 1 | |
| Creature Attack | 2 | |
| Creature Carapace | 3 | |
| Web | 1 | |
7 total
» buildings
| Ziggurat | 15 | |
| Altar of Darkness | 2 | |
| Crypt | 6 | |
| Nerubian Tower | 1 | |
| Graveyard | 2 | |
| Tomb of Relics | 2 | |
| Halls of the Dead | 2 | |
| Black Citadel | 1 | |
| Necropolis | 4 | |
| Spirit Tower | 3 | |
| Sacrificial Pit | 1 | |
39 total
» build order
00:16 Ziggurat
00:22 Altar of Darkness
00:30 Crypt
01:17 Nerubian Tower
01:34 Graveyard
02:00 Tomb of Relics
02:23 Ziggurat
03:07 Crypt
03:23 Ziggurat
06:40 Halls of the Dead
07:37 Crypt
07:48 Ziggurat
11:20 Ziggurat
11:29 Ziggurat
11:58 Black Citadel
12:04 Necropolis
12:13 Ziggurat
12:16 Ziggurat
12:20 Ziggurat
13:11 Spirit Tower
14:47 Sacrificial Pit
15:54 Spirit Tower
20:10 Spirit Tower
24:05 Necropolis
25:10 Necropolis
26:56 Ziggurat
27:00 Ziggurat
27:16 Altar of Darkness
28:33 Ziggurat
30:27 Tomb of Relics
30:31 Ziggurat
30:35 Ziggurat
30:40 Ziggurat
31:33 Crypt
31:35 Halls of the Dead
31:41 Crypt
31:44 Crypt
31:53 Graveyard
38:07 Necropolis
» items
| Potion of Healing | 2 | |
| Potion of Mana | 2 | |
| Scroll of Town Portal | 3 | |
| Dust of Appearance | 1 | |
| Potion of Lesser Invulnerability | 1 | |
| Orb of Lightning | 1 | |
10 total
team 2 (loser)
air_head (
teal | 48 APM | 2574 actions | 53:37)
6 Blademaster
2 Wind Walk
2 Mirror Image
1 Critical Strike
1 Bladestorm
» actions
| Assign group hotkey | 137 | |
| Basic commands | 3 | |
| Build / train | 96 | |
| Enter build submenu | 45 | |
| Enter hero's abilities submenu | 6 | |
| Give item / drop item | 1 | |
| Remove unit from queue | 2 | |
| Right click | 1343 | |
| Select / deselect | 662 | |
| Select group hotkey | 133 | |
| Use ability | 146 | |
2574 total
» units
| Peon | 29 | |
| Grunt | 7 | |
| Tauren | 13 | |
| Troll Witch Doctor | 6 | |
| Shaman | 9 | |
64 total
» upgrades
| Armor | 4 | |
| Melee Weapons | 3 | |
| Spiked Barricades | 1 | |
| Shaman Training | 2 | |
| Witch Doctor Training | 2 | |
| Pulverize | 1 | |
| Pillage | 1 | |
| Reinforced Defenses | 1 | |
| Backpack | 1 | |
16 total
» buildings
| Orc Burrow | 18 | |
| Altar of Storms | 3 | |
| War Mill | 1 | |
| Barracks | 1 | |
| Voodoo Lounge | 1 | |
| Stronghold | 1 | |
| Great Hall | 8 | |
| Fortress | 1 | |
| Spirit Lodge | 2 | |
| Tauren Totem | 2 | |
| Watch Tower | 6 | |
44 total
» build order
00:06 Orc Burrow
00:08 Altar of Storms
01:28 War Mill
01:42 Barracks
02:09 Orc Burrow
02:42 Voodoo Lounge
03:30 Orc Burrow
04:43 Stronghold
05:45 Great Hall
06:51 Orc Burrow
06:52 Orc Burrow
06:53 Orc Burrow
07:36 Fortress
10:34 Spirit Lodge
10:39 Tauren Totem
10:39 Tauren Totem
12:01 Spirit Lodge
16:33 Orc Burrow
16:33 Orc Burrow
16:35 Orc Burrow
19:48 Watch Tower
19:48 Watch Tower
19:51 Watch Tower
19:51 Watch Tower
19:55 Watch Tower
19:55 Watch Tower
23:32 Great Hall
23:46 Orc Burrow
28:23 Great Hall
28:47 Great Hall
30:44 Great Hall
33:20 Altar of Storms
34:23 Orc Burrow
35:24 Orc Burrow
35:45 Orc Burrow
36:11 Orc Burrow
37:51 Altar of Storms
39:08 Great Hall
39:44 Orc Burrow
39:45 Orc Burrow
40:16 Orc Burrow
40:26 Orc Burrow
43:42 Great Hall
44:09 Great Hall
» items
| Healing Salve | 2 | |
| Orb of Lightning | 1 | |
| Lesser Clarity Potion | 2 | |
5 total
fracture2 (
orange | 32 APM | 1652 actions | 51:09)
5 Archmage
2 Summon Water Elemental
3 Brilliance Aura
4 Paladin
2 Holy Light
2 Devotion Aura
3 Mountain King
2 Storm Bolt
1 Thunder Clap
» actions
| Assign group hotkey | 80 | |
| Basic commands | 297 | |
| Build / train | 125 | |
| ESC pressed | 1 | |
| Enter build submenu | 43 | |
| Enter hero's abilities submenu | 12 | |
| Give item / drop item | 5 | |
| Right click | 4 | |
| Select / deselect | 426 | |
| Select group hotkey | 506 | |
| Use ability | 153 | |
1652 total
» units
| Peasant | 24 | |
| Rifleman | 21 | |
| Goblin Shredder | 1 | |
| Priest | 10 | |
| Sorceress | 4 | |
| Mortar Team | 5 | |
65 total
» upgrades
| Gunpowder | 3 | |
| Armor | 3 | |
| Long Rifles | 1 | |
| Priest Training | 2 | |
| Sorceress Training | 2 | |
| Lumber Harvesting | 1 | |
| Masonry | 4 | |
| Fragmentation Shards | 1 | |
| Flare | 1 | |
18 total
» buildings
| Altar of Kings | 2 | |
| Farm | 20 | |
| Blacksmith | 1 | |
| Barracks | 2 | |
| Arcane Vault | 1 | |
| Lumber Mill | 2 | |
| Town Hall | 3 | |
| Keep | 1 | |
| Castle | 1 | |
| Arcane Sanctum | 2 | |
| Workshop | 1 | |
| Scout Tower | 8 | |
| Guard Tower | 7 | |
51 total
» build order
00:13 Altar of Kings
00:20 Farm
01:00 Blacksmith
01:25 Farm
01:48 Barracks
01:57 Barracks
02:10 Farm
02:52 Arcane Vault
02:59 Farm
03:16 Lumber Mill
03:42 Farm
04:27 Farm
04:59 Town Hall
05:27 Farm
05:57 Keep
08:47 Farm
11:25 Castle
11:32 Farm
11:36 Arcane Sanctum
11:40 Arcane Sanctum
11:45 Workshop
12:35 Farm
14:24 Farm
14:36 Farm
15:10 Farm
16:03 Farm
16:44 Farm
16:59 Town Hall
19:22 Scout Tower
21:45 Scout Tower
21:46 Guard Tower
22:22 Town Hall
24:38 Scout Tower
26:04 Farm
27:02 Farm
27:54 Guard Tower
27:56 Guard Tower
28:54 Scout Tower
28:58 Scout Tower
29:29 Lumber Mill
30:32 Guard Tower
30:34 Guard Tower
30:39 Scout Tower
31:23 Guard Tower
31:26 Scout Tower
33:22 Scout Tower
33:24 Guard Tower
38:36 Farm
39:13 Altar of Kings
40:19 Farm
41:10 Farm
» items
| Scroll of Regeneration | 2 | |
| Scroll of Town Portal | 5 | |
| Lesser Clarity Potion | 4 | |
| Periapt of Vitality | 1 | |
| Boots of Speed | 3 | |
| Orb of Lightning | 2 | |
| Orb of Fire | 1 | |
18 total
BRADY-OWN-FLACO (
yellow | 46 APM | 2734 actions | 60:04)
6 Blademaster
3 Wind Walk
2 Critical Strike
1 Bladestorm
4 Shadow Hunter
2 Hex
2 Healing Wave
» actions
| Assign group hotkey | 54 | |
| Basic commands | 89 | |
| Build / train | 82 | |
| Enter build submenu | 18 | |
| Enter hero's abilities submenu | 10 | |
| Give item / drop item | 3 | |
| Remove unit from queue | 4 | |
| Right click | 1178 | |
| Select / deselect | 339 | |
| Select group hotkey | 783 | |
| Use ability | 174 | |
2734 total
» units
| Peon | 12 | |
| Wind Rider | 20 | |
| Goblin Shredder | 1 | |
| Goblin Sapper | 8 | |
| Giant Sea Turtle | 1 | |
| Makrura Snapper | 1 | |
| Mur'gul Snarecaster | 1 | |
44 total
» upgrades
| Reinforced Defenses | 1 | |
| Envenomed Spears | 1 | |
| Ranged Weapons | 1 | |
| Armor | 1 | |
4 total
» buildings
| Altar of Storms | 1 | |
| Orc Burrow | 8 | |
| Stronghold | 1 | |
| Voodoo Lounge | 1 | |
| War Mill | 1 | |
| Beastiary | 4 | |
| Fortress | 2 | |
| Great Hall | 2 | |
| Watch Tower | 13 | |
33 total
» build order
00:08 Altar of Storms
00:21 Orc Burrow
00:56 Stronghold
01:32 Orc Burrow
01:41 Voodoo Lounge
01:49 War Mill
02:33 Orc Burrow
02:35 Orc Burrow
03:20 Beastiary
03:54 Beastiary
04:35 Fortress
06:03 Great Hall
06:14 Orc Burrow
06:15 Orc Burrow
07:36 Beastiary
07:39 Orc Burrow
11:58 Watch Tower
11:59 Watch Tower
11:59 Watch Tower
12:00 Watch Tower
12:00 Watch Tower
14:41 Watch Tower
14:41 Watch Tower
14:42 Watch Tower
14:42 Watch Tower
14:43 Watch Tower
14:44 Watch Tower
14:45 Watch Tower
14:45 Watch Tower
17:34 Beastiary
17:37 Orc Burrow
18:47 Great Hall
» items
| Healing Salve | 2 | |
| Lesser Clarity Potion | 2 | |
| Orb of Lightning | 1 | |
| Scroll of Town Portal | 3 | |
| Dust of Appearance | 1 | |
| Staff of Teleportation | 2 | |
| Potion of Lesser Invulnerability | 2 | |
| Boots of Speed | 1 | |
14 total

»
Omg_1m_So_Noob (
pink | 26 APM | 628 actions | 23:44)
2 Blademaster
1 Wind Walk
1 Critical Strike
» actions
| Assign group hotkey | 5 | |
| Build / train | 43 | |
| Enter build submenu | 16 | |
| Enter hero's abilities submenu | 2 | |
| Right click | 392 | |
| Select / deselect | 118 | |
| Select group hotkey | 21 | |
| Use ability | 31 | |
628 total
» units
» buildings
| Altar of Storms | 1 | |
| Orc Burrow | 5 | |
| War Mill | 1 | |
| Watch Tower | 4 | |
| Voodoo Lounge | 1 | |
| Stronghold | 1 | |
| Beastiary | 2 | |
| Fortress | 1 | |
16 total
» build order
00:25 Altar of Storms
00:31 Orc Burrow
01:58 War Mill
02:42 Orc Burrow
03:18 Watch Tower
03:24 Voodoo Lounge
03:40 Orc Burrow
05:44 Watch Tower
06:05 Orc Burrow
06:54 Watch Tower
08:01 Stronghold
08:04 Orc Burrow
09:56 Watch Tower
10:27 Beastiary
10:32 Beastiary
17:37 Fortress
» items
| Healing Salve | 1 | |
| Lesser Clarity Potion | 1 | |
| Scroll of Town Portal | 1 | |
3 total
Chat log
(00:11 / Allies) MazzyStar: blizzard's got my back today
(00:28 / Allies) Catre: its ok we all know you're grubby's smurf
(00:41 / Allies) MazzyStar: how did you know?
(00:45 / Allies) Catre: orc
(00:56 / Allies) MazzyStar: damn that always gives it away
(01:01 / Allies) Catre: ye bro
(02:20 / All) BRADY-OWN-FLACO: oh shit green 40-23 try har din the house
(02:26 / All) Catre: bro
(02:37 / All) Catre: smurf alert
(02:49 / All) BRADY-OWN-FLACO: kodo #1
(03:02 / All) Catre: mmr favors me
(03:16 / All) BRADY-OWN-FLACO: but not luck
(03:29 / All) Catre: yeah mmr is 100% skill
(05:45 / All) OoOoOoOoOoOoOo: didn't have sound on to notice that
(07:30 / All) OoOoOoOoOoOoOo: fuck I hate purge
(07:33 / All) OoOoOoOoOoOoOo: and critters blocking units
(07:55 / Allies) OoOoOoOoOoOoOo: wood
(08:00 / Allies) Catre: wood too pls
(08:45 / All) MazzyStar: level 1
(09:59 / Allies) Catre: tp please
(10:02 / Allies) Catre: guys
(11:07 / Allies) Catre: red please
(11:08 / Allies) acegilbert: 1 minute
(11:36 / Allies) Catre: bluie
(11:38 / Allies) Catre: can i have gold please
(11:39 / Allies) Catre: you have 3.5k
(11:42 / Allies) OoOoOoOoOoOoOo: no
(11:46 / Allies) OoOoOoOoOoOoOo: I'm saving for a reason
(11:47 / Allies) Catre: why
(11:50 / Allies) OoOoOoOoOoOoOo: I can't spare
(11:52 / Allies) OoOoOoOoOoOoOo: that's not very much
(12:08 / Allies) Catre: red
(12:11 / Allies) Catre: could i have some gold please
(12:18 / Allies) MazzyStar: hang on a sec
(12:21 / Allies) Catre: ty
(12:22 / Allies) OoOoOoOoOoOoOo: there's a little
(12:27 / Allies) Catre: ty
(13:25 / All) MazzyStar: you bitches want to interfere?
(13:38 / All) OoOoOoOoOoOoOo: wtf
(13:42 / All) OoOoOoOoOoOoOo: I had toggle formation on for some reason
(13:45 / All) OoOoOoOoOoOoOo: misclick at some point I guess
(13:58 / Allies) MazzyStar: sleep pally
(14:05 / Allies) acegilbert: oops
(14:08 / All) MazzyStar: lawl
(14:10 / All) air_head: lol
(15:54 / Allies) MazzyStar: rod let's kill pink
(15:59 / Allies) OoOoOoOoOoOoOo: k
(16:02 / Allies) OoOoOoOoOoOoOo: let me get level 3 bm
(16:03 / Allies) OoOoOoOoOoOoOo: so 1 sec
(16:08 / Allies) Catre: could i have some more gold please? if not could you guys build more units
(16:51 / Allies) OoOoOoOoOoOoOo: omw
(17:00 / Allies) Catre: nvm gg
(17:00 / Allies) OoOoOoOoOoOoOo: fuck
(17:04 / Allies) OoOoOoOoOoOoOo: pendant here
(17:04 / Allies) MazzyStar: bring those griffs
(17:10 / Allies) OoOoOoOoOoOoOo: may as well get it
(18:08 / Allies) MazzyStar: go
(18:41 / All) MazzyStar: he batted a mirage lawl
(18:46 / All) air_head: lol
(19:10 / All) Omg_1m_So_Noob: you mad red?
(19:15 / All) MazzyStar: huh
(19:15 / All) Omg_1m_So_Noob: you lose
(19:19 / All) MazzyStar: k lol
(19:22 / All) air_head: lol
(19:23 / All) OoOoOoOoOoOoOo: Pink erased from the map
(19:25 / All) OoOoOoOoOoOoOo: just like that
(19:26 / All) Omg_1m_So_Noob: i fed my team all game
(19:27 / All) OoOoOoOoOoOoOo: easy, no challenge
(19:32 / All) OoOoOoOoOoOoOo: not all game
(19:35 / All) OoOoOoOoOoOoOo: you aren't now after all
(19:37 / All) MazzyStar: pink is content being a dick rider I guess
(19:53 / All) Omg_1m_So_Noob: you losew
(20:03 / All) Omg_1m_So_Noob: see how my team = fed
(20:20 / All) Omg_1m_So_Noob: cant stop them
(20:36 / All) Omg_1m_So_Noob: you can only backdoor
(20:52 / All) Omg_1m_So_Noob: gg noobs
(21:06 / All) MazzyStar: lol
(21:12 / All) OoOoOoOoOoOoOo: lmao teal
(21:21 / All) MazzyStar: no offense but oyu shoulkd n't call anyone a noob
(21:33 / All) Omg_1m_So_Noob: u mad
(21:36 / All) Omg_1m_So_Noob: noob
(21:49 / All) MazzyStar: apt name
(22:08 / Allies) acegilbert: yellow tk'ing oj
(22:33 / All) OoOoOoOoOoOoOo: teal just got fuckign demolished by 2 heroes
(23:04 / All) BRADY-OWN-FLACO: die traitor
(23:06 / All) BRADY-OWN-FLACO: all heil brady
(25:19 / All) BRADY-OWN-FLACO: lawl
(25:31 / All) BRADY-OWN-FLACO: i told him orange gets to keep his heroes and have no units and hes like "so lose ur wyverns"
(25:57 / All) OoOoOoOoOoOoOo: welcome to food block hell, orange
(27:09 / All) MazzyStar: RUN RUNNER
(30:14 / Allies) acegilbert: i didn't realize the periapt of vitality was that good
(30:30 / Allies) MazzyStar: what's not to love about extra health
(31:01 / Allies) acegilbert: well used
(31:15 / All) OoOoOoOoOoOoOo: wow
(31:15 / All) air_head: lol
(31:18 / All) OoOoOoOoOoOoOo: that does more damage than I thought
(31:23 / Allies) MazzyStar: bolt?
(31:28 / Allies) MazzyStar: especially on int heroes
(31:32 / All) BRADY-OWN-FLACO: teal wont tell me how he knew to look at my sappers killing his expo
(31:35 / All) BRADY-OWN-FLACO: i thought i was being sly
(34:25 / All) BRADY-OWN-FLACO: purp still here lawl
(35:08 / Allies) acegilbert: can i have this mine red?
(35:42 / Allies) OoOoOoOoOoOoOo: mk halfway in that altar
(35:47 / Allies) OoOoOoOoOoOoOo: could let it out then kill it immediately
(36:10 / Allies) OoOoOoOoOoOoOo: 75%
(36:28 / Allies) OoOoOoOoOoOoOo: 90%
(36:30 / Allies) OoOoOoOoOoOoOo: about to pop
(36:31 / All) MazzyStar: shadow hunter is a bitch hero
(37:22 / All) MazzyStar: predictable
(39:00 / All) MazzyStar: need gems of true seeing
(39:11 / All) BRADY-OWN-FLACO: i think i remember that item from campaign
(39:34 / All) MazzyStar: it's a roc item
(40:26 / All) BRADY-OWN-FLACO: purp wut u do with green sunit
(40:43 / All) acegilbert: something to do
(42:09 / Allies) MazzyStar: dipshit
(42:16 / Allies) MazzyStar: could have coiled the bm
(44:28 / All) BRADY-OWN-FLACO: attack men
(45:39 / All) MazzyStar: nice choice
(46:23 / All) OoOoOoOoOoOoOo: fuck
(46:29 / All) OoOoOoOoOoOoOo: so desperate I have to sacrifice peasants as an army
(46:35 / All) MazzyStar: oooo
(46:40 / All) OoOoOoOoOoOoOo: if we can get this hall
(46:41 / All) OoOoOoOoOoOoOo: we win
(47:18 / All) air_head: lol
(47:20 / All) MazzyStar: gotcha
(47:35 / All) BRADY-OWN-FLACO: die purple
(47:36 / All) BRADY-OWN-FLACO: die
(47:41 / All) acegilbert: lol
(48:11 / All) BRADY-OWN-FLACO: damn 1600 hp on bm
(48:13 / All) BRADY-OWN-FLACO: no dps tho
(48:16 / All) air_head: leave him red
(48:22 / All) acegilbert: red and blue each have 30k gold
(48:24 / All) MazzyStar: he's a workhorse
(48:46 / All) air_head: yellow why do you suck so much?
(48:50 / All) BRADY-OWN-FLACO: what
(49:01 / All) air_head: why do you suck so much dick?
(49:09 / All) BRADY-OWN-FLACO: why do u think it
(49:16 / All) air_head: thats y
(49:18 / All) BRADY-OWN-FLACO: i ain tno scrub
(49:19 / All) air_head: s
(49:21 / All) OoOoOoOoOoOoOo: teal thinks he won
(49:22 / All) OoOoOoOoOoOoOo: lol
(49:27 / All) OoOoOoOoOoOoOo: but I'm 1 step closer to an icon fair and square
(49:30 / All) BRADY-OWN-FLACO: teal thinks he won
(49:35 / All) air_head: i think i won
(49:44 / All) air_head: i think im winning
(49:53 / All) air_head: too bad i got scrub yellow on my team
(50:01 / All) BRADY-OWN-FLACO: i aimt no scrub man
(50:10 / All) BRADY-OWN-FLACO: im gonna be a police officer one day
(50:16 / All) air_head: scrub
(50:45 / All) OoOoOoOoOoOoOo: let's kill noob yellow's hall
(50:59 / All) air_head: yellow is a scub, and blue is even a bigger scrub
(51:00 / All) OoOoOoOoOoOoOo: fucking noob
(51:06 / All) OoOoOoOoOoOoOo: LOL I killed your main with just heroes
(51:07 / All) MazzyStar: lol
(51:08 / All) air_head: we got two scrubs folks!
(51:22 / All) BRADY-OWN-FLACO: who was the 2nd scrub?
(51:23 / All) acegilbert: he was angry
(51:25 / All) BRADY-OWN-FLACO: he wsa referring to
(51:30 / All) OoOoOoOoOoOoOo: hero stuck bug
(51:35 / All) MazzyStar: Kigami ain't never gonna die
(51:53 / All) BRADY-OWN-FLACO: i felt kinda bad for my team they fed me so much
(52:08 / All) acegilbert: and then you killed oj?
(52:50 / All) OoOoOoOoOoOoOo: LMAO
(52:50 / All) MazzyStar: lawl
(52:51 / All) BRADY-OWN-FLACO: lawl
(52:53 / All) air_head: lawl
(53:09 / All) MazzyStar: lawl
(53:12 / Allies) acegilbert: lol
(53:13 / Allies) acegilbert: oops
(53:20 / All) air_head: i think i am winning
(53:21 / All) BRADY-OWN-FLACO: this was a fair game green i wish stayed longer try hard ass hole
(53:42 / All) MazzyStar: heh
(53:43 / All) MazzyStar: well
(53:44 / All) OoOoOoOoOoOoOo: guess he doesn't think he's winning
(53:46 / All) BRADY-OWN-FLACO: i dont care if purp wins
(53:46 / All) MazzyStar: he gets a tie
(53:48 / All) OoOoOoOoOoOoOo: leaves right after saying that
(53:50 / All) BRADY-OWN-FLACO: just give purp win?
(53:56 / All) MazzyStar: what's purps rec
(54:01 / All) OoOoOoOoOoOoOo: 818-852
(54:07 / All) acegilbert: purp earned it
(54:07 / All) MazzyStar: whats teals
(54:09 / All) acegilbert: lol
(54:11 / All) BRADY-OWN-FLACO: "acegilbert" sounds like a real winner
(54:18 / All) OoOoOoOoOoOoOo: teal 80-89
(54:18 / All) BRADY-OWN-FLACO: do u guys think purp earned it
(54:22 / All) MazzyStar: sounds like the nerd chick from garfield and friends
(54:33 / All) MazzyStar: doesn't matter to me
(54:34 / All) BRADY-OWN-FLACO: y the hell did green match this sorry bunch
(54:36 / All) acegilbert: probably a read d-bag
(55:05 / All) BRADY-OWN-FLACO: so i leave?
(55:12 / All) MazzyStar: yeh go ahead
(55:22 / All) MazzyStar: Kigami needs recovery ring
(56:00 / All) BRADY-OWN-FLACO: gonna get ur last building purp
(56:53 / Allies) MazzyStar: let him kill my bm
(57:02 / All) BRADY-OWN-FLACO: small break gonna watch patriot game a bit
(57:08 / All) BRADY-OWN-FLACO: when do we play our next 3rd game?
(57:12 / All) OoOoOoOoOoOoOo: I'm ready anytime
(57:41 / Allies) MazzyStar: guess he's not gonna try
(57:45 / All) BRADY-OWN-FLACO: bob u asshole lawl
(57:49 / All) MazzyStar: wut
(57:58 / All) BRADY-OWN-FLACO: its gilbert then
(58:10 / All) OoOoOoOoOoOoOo: last building
(58:11 / All) OoOoOoOoOoOoOo: I think
(58:14 / All) MazzyStar: gilbert would attack
(58:17 / All) acegilbert: oh... ace
(58:20 / All) MazzyStar: fight my BM
(58:25 / All) BRADY-OWN-FLACO: small break?
(58:57 / Allies) MazzyStar: let him kill my bm
(58:58 / Allies) MazzyStar: lel
(59:02 / Allies) MazzyStar: I have ankh
(59:08 / Allies) MazzyStar: oh damn
(59:10 / Allies) MazzyStar: he didn't try
(59:20 / All) BRADY-OWN-FLACO: owndddddd
(59:21 / All) MazzyStar: I had ankh
(59:28 / All) BRADY-OWN-FLACO: i wouldnt have go tit
(59:34 / All) MazzyStar: you would ahve
(59:34 / All) BRADY-OWN-FLACO: small break
(59:36 / All) MazzyStar: eventually
(59:38 / All) BRADY-OWN-FLACO: 20 min break
(59:39 / All) OoOoOoOoOoOoOo: oh that wasn't last building
(59:52 / All) MazzyStar: but then I'd respawn with 1575 health